 Dungeon Crawl Stone Soup version 0.21.1-1-g345015f (webtiles) character file.

28 raistware the Magician (level 2, -1/19 HPs)
             Began as a Mummy Wizard on Apr 27, 2018.
             Slain by a hound (4 damage)
             ... on level 4 of the Dungeon.
             The game lasted 00:06:04 (1506 turns).

raistware the Magician (Mummy Wizard)               Turns: 1506, Time: 00:06:05

Health: -1/19      AC:  2    Str: 10    XL:     2   Next: 96%
Magic:  1/7        EV: 12    Int: 17    God:
Gold:   126        SH:  0    Dex: 10    Spells: 4/9 levels left

rFire    x . .     SeeInvis +   d - +0 dagger
rCold    + . .     Gourm    .   (no shield)
rNeg     + + +     Faith    .   a - +0 robe
rPois    ∞         Spirit   .   b - +0 hat
rElec    .         Reflect  .   (no cloak)
rCorr    .         Harm     .   (no gloves)
MR       .....                  (no boots)
Stlth    ++........             e - amulet of inaccuracy (curse)
HPRegen  0.06/turn              f - ring of flight
MPRegen  0.10/turn              g - ring of see invisible

@: very slightly contaminated
A: no food or potions, fire vulnerability, cold resistance 1, negative energy
resistance 3, torment resistance, unbreathing
a: Evoke Flight


You were on level 4 of the Dungeon.
You were not hungry.

You visited 1 branch of the dungeon, and saw 3 of its levels.

You collected 126 gold pieces.

Inventory:

Hand Weapons
 d - a +0 dagger (weapon)
Armour
 a - a +0 robe (worn)
 b - a +0 hat (worn)
Jewellery
 e - a cursed amulet of inaccuracy (around neck)
 f - a ring of flight (left hand)
 g - a ring of see invisible (right hand)
Books
 c - a book of Minor Magic

   Spells                             Type                      Level
   a - Magic Dart                     Conjuration                  1
   b - Blink                          Translocation                2
   c - Call Imp                       Summoning                    2
   d - Slow                           Hexes                        2
   e - Conjure Flame                  Conjuration/Fire             3
   f - Mephitic Cloud                 Conjuration/Poison/Air       3


   Skills:
 + Level 0.0 Throwing
 + Level 1.9 Dodging
 + Level 1.9 Stealth
 + Level 4.3 Spellcasting
 * Level 1.5 Conjurations
 - Level 0.7 Summonings
 - Level 0.7 Translocations


You had 4 spell levels left.
You knew the following spells:

 Your Spells              Type           Power        Failure   Level  Hunger
a - Magic Dart            Conj           #...         9%          1    N/A
b - Blink                 Tloc           N/A          17%         2    N/A
c - Call Imp              Summ           #.......     17%         2    N/A

Dungeon Overview and Level Annotations

Branches:
Dungeon (2/15)

Altars:


Innate Abilities, Weirdness & Mutations

You do not eat or drink.
Your flesh is vulnerable to fire.
You are immune to poison.
Your flesh is cold resistant. (rC+)
You are immune to negative energy. (rN+++)
You are immune to unholy pain and torment.
You can survive without breathing.


Message History

Confirm with . or Enter, or press ? or * to list all spells.
Aiming: Magic Dart
Press: ? - help, Shift-Dir - straight line, f/p - hound
Aim: a hound (heavily wounded)
You miscast Magic Dart.
Your skin tingles.
The hound bites you but does no damage. The hound barely misses you.
You barely miss the hound.
The hound is heavily wounded.
The hound barely misses you. x2
You miss the hound.
The hound is heavily wounded.
The hound bites you.
You barely miss the hound.
The hound is heavily wounded.
The hound bites you. x2
* * * LOW HITPOINT WARNING * * *
You hit the hound.
The hound is heavily wounded.
The hound bites you.
You die...

#.# #.# #.# ###
#.# #.######.#
#...@hh#.# .
##.###a#.###....
#.# #.)...ha..#
#.# ####....#.#
#.# ....(..#
#.#####.#####.(
#####........ .
#.........###
#.........#


You could see a hound, a worker ant and a jackal.

Vanquished Creatures
  A leopard gecko (D:1)
  An orc (D:4)
  2 hobgoblins (D:1)
  2 quokkas
  A ball python (D:1)
  8 bats
  A frilled lizard (D:2)
  2 goblins (D:1)
  4 kobolds
  2 rats (D:1)
24 creatures vanquished.

Vanquished Creatures (collateral kills)
  A worm (D:4)
1 creature vanquished.

Grand Total: 25 creatures vanquished

Notes
Turn   | Place    | Note
-------+----------+-------------------------------------------
     0 | D:1      | raistware the Mummy Wizard began the quest for the Orb.
     0 | D:1      | Reached XP level 1. HP: 13/13 MP: 5/5
   196 | D:1      | Reached skill level 1 in Conjurations
   393 | D:1      | Reached XP level 2. HP: 8/19 MP: 1/7
   397 | D:1      | Learned a level 2 spell: Blink
   400 | D:1      | Learned a level 2 spell: Call Imp
  1435 | D:2      | You fall through a shaft for 2 floors!
  1506 | D:4      | Slain by a hound

Skill      XL: |  1 |
---------------+----+-----
Conjurations   | 1 |  1.5
Dodging        | |  1.9
Stealth        | |  1.9
Spellcasting   | |  4.3
Summonings     | |  0.7
Translocations | |  0.7

Action                   || total
-------------------------++-------
Melee: Dagger            ||    27
Throw: Tomahawk          ||     2
 Cast: Magic Dart        ||    62
       Call Imp          ||     1
  Use: Scroll            ||     2
Armor: Robe              ||    10
Dodge: Dodged            ||    37
